 Dungeon Crawl Stone Soup version 0.22-a0-197-g4ac3794 (webtiles) character file.

454 Lapis the Digger (level 7, 41/41 HPs)
             Began as an Octopode Earth Elementalist on Feb 17, 2018.
             Got out of the dungeon alive.
             The game lasted 00:06:06 (4106 turns).

Lapis the Digger (Octopode Earth Elementalist)      Turns: 4106, Time: 00:06:07

Health: 41/41      AC:  1    Str:  9    XL:     7   Next: 5%
Magic:  11/13      EV: 14    Int: 17    God:
Gold:   104        SH:  0    Dex: 15    Spells: 8/14 levels left

rFire    . . .     SeeInvis .   v - +0 dagger (flame)
rCold    . . .     Gourm    .   (no shield)
rNeg     . . .     Faith    .   (helmet restricted)
rPois    .         Spirit   .   (no amulet)
rElec    .         Reflect  .   h - ring of wizardry
rCorr    .         Harm     .   A - ring of teleportation (curse)
MR       .....     Rnd*Tele +   (no ring)
Stlth    +++.......             (no ring)
HPRegen  0.13/turn              (no ring)
MPRegen  0.13/turn              (no ring)
                                (no ring)
                                (no ring)

@: no status effects
A: almost no armour, stealthy swim, amphibious, 8 rings, constrict 8, camouflage
1, agile 1, deterioration 1, dopey 1, screaming 1, strong 1, gelatinous body 1
a: no special abilities


You escaped.
You were not hungry.

You visited 1 branch of the dungeon, and saw 4 of its levels.

You collected 104 gold pieces.

Inventory:

Hand Weapons
 j - a +0 dagger
 v - a +0 dagger of flaming (weapon)
Missiles
 b - 95 stones (quivered)
Jewellery
 h - a ring of wizardry (left tentacle)
 A - a cursed ring of teleportation (right tentacle)
Wands
 y - a wand of polymorph (13)
 z - a wand of paralysis (13)
Scrolls
 a - a scroll of blinking {unknown}
 e - a scroll of enchant weapon {unknown}
 f - a scroll of immolation {unknown}
 g - a scroll of teleportation
 m - a scroll of fog {unknown}
 n - a scroll of magic mapping {unknown}
 q - 5 scrolls of amnesia {unknown}
 r - a scroll of remove curse {unknown}
Potions
 c - 2 potions of agility
 o - a potion of heal wounds {unknown}
 p - a potion of might
 s - a potion of cancellation {unknown}
 u - a potion of magic {unknown}
 w - a potion of brilliance {unknown}
 x - a potion of curing {unknown}
Books
 d - a book of Geomancy

   Spells                             Type                      Level
   a - Sandblast                      Earth                        1
   b - Passwall                       Transmutation/Earth          2
   c - Stone Arrow                    Conjuration/Earth            3
   d - Petrify                        Transmutation/Earth          4
   e - Lee's Rapid Deconstruction     Earth                        5
Comestibles
 t - 4 rations


   Skills:
 + Level 2.8 Dodging
 - Level 2.6 Stealth
 + Level 4.3 Spellcasting
 * Level 2.6 Conjurations
 + Level 1.0 Transmutations
 + Level 5.2 Earth Magic


You had 8 spell levels left.
You knew the following spells:

 Your Spells              Type           Power        Failure   Level  Hunger
a - Sandblast             Erth           ###...       1%          1    None
b - Passwall              Tmut/Erth      ##........   2%          2    ##.....
c - Stone Arrow           Conj/Erth      ###...       3%          3    ###....


Dungeon Overview and Level Annotations

Branches:
Dungeon (4/15)
 Temple: D:4-7

Altars:
Okawaru


Innate Abilities, Weirdness & Mutations

You cannot wear most types of armour.
You are very stealthy in the water. (Stealth+)
You are amphibious.
You can wear up to eight rings at the same time.
You can use your tentacles to constrict eight enemies at once.
Your skin changes colour to match your surroundings (Stealth+).
Your rubbery body absorbs attacks. (AC +1, EV +1)
You are agile. (Dex +2)
Your body sometimes deteriorates upon taking damage.
You are dopey. (Int -2)
You occasionally shout uncontrollably at your foes.
Your muscles are strong. (Str +2)


Message History

Aiming: Sandblast (safe; 1% risk of failure)
Press: ? - help, Shift-Dir - straight line, f - kobold
Aim: a kobold, wielding a club The blast of sand hits the kobold.
The kobold is moderately wounded.
b - 96 stones
Casting: Sandblast (safe; 1% risk of failure)
Confirm with . or Enter, or press ? or * to list all spells.
Aiming: Sandblast (safe; 1% risk of failure)
Press: ? - help, Shift-Dir - straight line, f/p - kobold
Aim: a kobold, wielding a club (moderately wounded)
The blast of sand hits the kobold.
You kill the kobold!
b - 95 stones
Casting: Sandblast (safe; 1% risk of failure)
Confirm with . or Enter, or press ? or * to list all spells.
You can't see any susceptible monsters within range! (Use Z to cast anyway.)
There is a staircase leading out of the dungeon here.
Are you sure you want to leave the Dungeon?
This will make you lose the game!
You have escaped!

#.####.......#.....# ####.......
#.# #.......+.##### #......#
#.####.......#..################
#.#.........................####
#.#.≈≈≈≈≈.≈≈≈≈≈.≈≈≈≈≈.≈≈≈≈≈.....
#.#..≈≈≈...≈≈≈...≈≈≈...≈≈≈......
#.#...≈.....≈....)≈.....≈.......
##.#....≈≈≈≈≈.......≈≈≈≈≈........
...#.....≈≈≈....@....≈≈≈.........
#####.....≈...........≈.....#####
##.....≈≈≈≈≈.≈≈≈≈≈.....## #
##.....≈≈≈...≈≈≈.....## #
##.....≈.....≈.....## #
##.....≈≈≈≈≈.....## ##
##.....≈≈≈.....## #.
##.....≈.....## #. ##.........##
#.


There were no monsters in sight!

Vanquished Creatures
  Grinder (D:4)
  A bullfrog skeleton (D:4)
  Natasha (twice) (D:4)
  A worker ant (D:4)
  6 gnolls
  4 adders
  2 oozes (D:1)
  An adder skeleton (D:4)
  A worm (D:3)
  A leopard gecko (D:1)
  3 giant cockroaches
  4 goblins (D:1)
  4 hobgoblins
  10 jackals (D:1)
  7 kobolds
  A quokka (D:2)
  A ball python (D:4)
  4 bats
  2 frilled lizards
  A jackal skeleton (D:4)
  3 rats
60 creatures vanquished.

Notes
Turn   | Place    | Note
-------+----------+-------------------------------------------
     0 | D:1      | Lapis the Octopode Earth Elementalist began the quest for the Orb.
     0 | D:1      | Reached XP level 1. HP: 11/11 MP: 3/3
   300 | D:1      | Reached XP level 2. HP: 13/17 MP: 5/5
   307 | D:1      | Learned a level 2 spell: Passwall
   689 | D:1      | Reached XP level 3. HP: 18/21 MP: 0/6
   694 | D:1      | Learned a level 3 spell: Stone Arrow
  1564 | D:2      | Reached skill level 4 in Earth Magic
  1776 | D:2      | Reached XP level 4. HP: 14/27 MP: 3/7
  2311 | D:3      | Found an iron altar of Okawaru.
  2368 | D:3      | Reached skill level 1 in Conjurations
  3257 | D:4      | Reached XP level 5. HP: 31/31 MP: 5/9
  3647 | D:4      | Noticed Grinder
  3655 | D:4      | Killed Grinder
  3655 | D:4      | Reached skill level 5 in Earth Magic
  3655 | D:4      | Reached XP level 6. HP: 15/36 MP: 5/12
  3838 | D:4      | Noticed Natasha
  3844 | D:4      | Killed Natasha
  3920 | D:4      | Noticed Natasha
  3927 | D:4      | Killed Natasha
  3927 | D:4      | Reached XP level 7. HP: 32/41 MP: 10/13
  3995 | D:4      | Gained mutation: Your magical capacity is low. (-10% MP) [potion of mutation]
  3995 | D:4      | Gained mutation: Your body sometimes deteriorates upon taking damage. [potion of mutation]
  3995 | D:4      | Gained mutation: You expend magic power (3 MP) to strengthen your wands. [potion of mutation]
  3995 | D:4      | Gained mutation: You are agile. (Dex +2) [potion of mutation]
  3996 | D:4      | Lost mutation: You are agile. (Dex +2) [potion of mutation]
  3996 | D:4      | Lost mutation: Your magical capacity is low. (-10% MP) [potion of mutation]
  3996 | D:4      | Lost mutation: You expend magic power (3 MP) to strengthen your wands. [potion of mutation]
  3996 | D:4      | Gained mutation: Your muscles are strong. (Str +2) [potion of mutation]
  3996 | D:4      | Gained mutation: You are dopey. (Int -2) [potion of mutation]
  3996 | D:4      | Gained mutation: You occasionally shout uncontrollably at your foes. [potion of mutation]
  3996 | D:4      | Gained mutation: You are agile. (Dex +2) [potion of mutation]
  4106 | D:$      | Got out of the dungeon alive.

Vault maps used:
D:1:      onia_arrival_pyramid
D:2:      hangedman_abyss_or_decor_lesser_grid
D:3:      first_ration, okawaru_gym_becter
D:4:      uniq_grinder, uniq_natasha

Skill      XL: |  1  2  3  4  5 |
---------------+----------------+-----
Earth Magic    | 4 5 |  5.2
Conjurations   | 1 2 |  2.6
Spellcasting   | 4 |  4.3
Dodging        | |  2.8
Stealth        | |  2.6
Transmutations | |  1.0

Action                   |  1- 3 |  4- 6 |  7- 9 || total
-------------------------+-------+-------+-------++-------
Melee: Unarmed           |    41 |       |       ||    41
       Tentacles         |    14 |     3 |       ||    17
       Constrict         |    17 |     4 |       ||    21
       Dagger            |    20 |    16 |       ||    36
 Cast: Sandblast         |    23 |    45 |     3 ||    71
  Use: Scroll            |       |       |     4 ||     4
       Potion            |       |       |     2 ||     2
 Stab: Sleeping          |     3 |     1 |       ||     4
  Eat: Chunk             |     2 |     4 |     1 ||     7
       Ration            |       |     1 |       ||     1
Armor: Skin              |     2 |     1 |       ||     3
Dodge: Dodged            |    43 |    27 |       ||    70

Table legend:
 A = Spawn XP
 B = Non-spawn XP
 C = Spawn XP percentage of total XP
 D = Spawn monster count
 E = Non-spawn monster count
 F = Spawn count percentage of total count
 G = Total turns spent on level
                    A         B        C        D         E        F      G
               +---------+---------+-------+---------+---------+-------+---------
         Total |       0 |     649 |   0.0 |       0 |      60 |   0.0 |  4106
               +---------+---------+-------+---------+---------+-------+---------
           D:1 |       0 |      66 |   0.0 |       0 |      30 |   0.0 |  1519
           D:2 |       0 |      32 |   0.0 |       0 |       7 |   0.0 |   844
           D:3 |       0 |      53 |   0.0 |       0 |       7 |   0.0 |   835
           D:4 |       0 |     498 |   0.0 |       0 |      16 |   0.0 |   908
               +---------+---------+-------+---------+---------+-------+---------
